 Dungeon Crawl Stone Soup version 0.31.0-9-g3a7656b989 (webtiles) character file.

Game seed: 6772305211423772929

121 qw the Skirmisher (level 4, -2/25 HPs)
             Began as a Deep Elf Hunter on Feb 2, 2024.
             Slain by a bombardier beetle (3 damage)
             ... on level 4 of the Dungeon.
             The game lasted 00:00:06 (1710 turns).

qw the Skirmisher (Deep Elf Hunter)                 Turns: 1710, Time: 00:00:06

Health: -2/25      AC:  9    Str: 10    XL:     4   Next: 76%
Magic:  6/6        EV: 11    Int: 14    God:
Gold:   137        SH:  0    Dex: 18    Spells: 3/3 levels left

rFire   + . .        a - +0 shortbow (elec)
rCold   + . .        (shield currently unavailable)
rNeg    . . .        m - +0 ring mail
rPois   .            (no helmet)
rElec   .            f - scarf {rC+ rF+}
rCorr   .            (no gloves)
SInv    .            (no boots)
Will    .....        (no amulet)
Stlth   +            i - +4 ring of protection
HPRegen 0.24/turn    (no ring)
MPRegen 0.10/turn

%: no passive effects
@: on fire, about to teleport, glowing
A: no striking features
a: no special abilities


You were on level 4 of the Dungeon.
You visited 1 branch of the dungeon, and saw 4 of its levels.

You collected 137 gold pieces.


   Skills:
 - Level 1.5 Fighting
 + Level 8.2 Ranged Weapons
 - Level 2.4 Dodging
 - Level 1.2 Stealth


You had 3 spell levels left.
You didn't know any spells.
Your spell library was empty.

Inventory:

Hand Weapons
 a - a +0 shortbow of electrocution (weapon)
Armour
 b - a +0 cloak
 f - a scarf of resistance (worn)
 m - a +0 ring mail (worn)
Jewellery
 i - a +4 ring of protection (left hand)
Wands
 d - a wand of paralysis (9)
Scrolls
 j - a scroll of teleportation
Potions
 c - a potion of invisibility {unknown}
 e - a potion of mutation
 g - a potion of brilliance {unknown}
 h - a potion of cancellation
 k - 2 potions of curing
 l - a potion of magic {unknown}
 n - a potion of might {unknown}

Dungeon Overview and Level Annotations

Branches:
Dungeon (4/15)
 Temple: D:4-7

Altars:

Annotations:
D:3 2 runed translucent doors, qw's ghost, amateur SpHu


Message History

You shoot an arrow.
The arrow closely misses the bombardier beetle.
The liquid fire burns you!
The bombardier beetle bites you but does no damage.
You shoot an arrow. The arrow hits the bombardier beetle.
The bombardier beetle is heavily wounded.
The liquid fire burns you!
The bombardier beetle bites you but does no damage.
You shoot an arrow. The arrow hits the bombardier beetle.
The bombardier beetle is severely wounded.
The liquid fire burns you!
You shoot an arrow.
The arrow barely misses the bombardier beetle.
The liquid fire burns you!
The bombardier beetle bites you but does no damage.
You shoot an arrow. The arrow hits the bombardier beetle.
The bombardier beetle is severely wounded.
The liquid fire burns you!
The bombardier beetle closely misses you.
You shoot an arrow. The arrow hits the bombardier beetle.
The bombardier beetle is almost dead.
The liquid fire burns you!
You shoot an arrow.
The arrow closely misses the bombardier beetle.
The liquid fire burns you!
The bombardier beetle bites you but does no damage.
1708 ||| READING 2 scrolls of teleportation.
As you read the scroll of teleportation, it crumbles to dust.
You feel strangely unstable. The liquid fire burns you!
The bombardier beetle sprays incendiary fluid at you.
The burning spray misses you.
You shoot an arrow.
The arrow closely misses the bombardier beetle.
The liquid fire burns you!
You shoot an arrow.
The arrow completely misses the bombardier beetle.
The liquid fire burns you! The bombardier beetle bites you.
You die...

.# ##.## #.#
.####.# #.# .#
......# #.# .#
.####.#######.#
.# .#
#.........# .#
.# #.#######.#
.# #.# #.# .#
#.# #.###B# #.#
#...@.# #.#
#.##### #.# #.#
#.# #.# ..# ###


You could see a bombardier beetle.

Vanquished Creatures
  A bombardier beetle (D:3)
  Terence (D:3)
  2 adders
  2 ufetubi (D:3)
  A ribbon worm (D:3)
  An orc (D:3)
  A ball python (D:2)
  4 endoplasms
  2 giant cockroaches (D:1)
  6 goblins
  2 hobgoblins (D:1)
  A quokka (D:3)
  5 bats
  6 frilled lizards
  2 rats
37 creatures vanquished.

Notes
Turn   | Place    | Note
-------+----------+-------------------------------------------
     0 | D:1      | qw the Deep Elf Hunter began the quest for the Orb.
     0 | D:1      | Reached XP level 1. HP: 12/12 MP: 3/3
     0 | D:1      | 0 ||| qw: Version: 0.3-a-155-g5e7d8dd
     0 | D:1      | 0 ||| qw: Game counter: 603
     0 | D:1      | 0 ||| qw: Melee chars always use a shield: true
     0 | D:1      | 0 ||| qw: God list: Okawaru
     0 | D:1      | 0 ||| qw: Allow faded altars: false
     0 | D:1      | 0 ||| qw: Do Orc after clearing Dungeon:15 true
     0 | D:1      | 0 ||| qw: Do second Lair branch before Depths: true
     0 | D:1      | 0 ||| qw: Lair rune preference: random
     0 | D:1      | 0 ||| qw: Goals: Normal
     0 | D:1      | 0 ||| PLANNING D:1-11
   180 | D:1      | Found a faded altar of an unknown god.
   265 | D:1      | Reached XP level 2. HP: 16/16 MP: 4/4
   269 | D:1      | Reached skill level 6 in Ranged Weapons
   280 | D:1      | 280 ||| RETREEEEATING.
   468 | D:1      | 468 ||| UPGRADING to +0 ring mail.
   478 | D:1      | 478 ||| DROPPING +0 leather armour.
   479 | D:1      | 479 ||| UPGRADING to +4 ring of protection.
   480 | D:1      | 480 ||| READING scroll labelled SESHRU HON BOMO.
   480 | D:1      | 480 ||| BRANDING +0 shortbow.
   481 | D:1      | 481 ||| READING 2 scrolls labelled WYGAGHEICE.
   482 | D:1      | 482 ||| READING scroll labelled RURPHU MUADGHOM.
   487 | D:1      | 487 ||| READING scroll labelled GOXTAWKAMERR.
   487 | D:1      | 487 ||| IDENTIFYING sedimented black potion
   488 | D:1      | 488 ||| DROPPING scroll of butterflies.
   489 | D:1      | 489 ||| DROPPING scroll of amnesia.
   720 | D:2      | Reached XP level 3. HP: 20/20 MP: 5/5
  1009 | D:2      | 1009 ||| UPGRADING to +0 cloak.
  1014 | D:2      | 1014 ||| READING 2 scrolls of identify.
  1014 | D:2      | 1014 ||| IDENTIFYING bubbling orange potion
  1015 | D:2      | 1015 ||| READING scroll of identify.
  1015 | D:2      | 1015 ||| IDENTIFYING viscous green potion
  1016 | D:2      | 1016 ||| READING scroll labelled YFEM COIDD.
  1044 | D:3      | Noticed Terence
  1049 | D:3      | Killed Terence
  1050 | D:3      | Reached skill level 7 in Ranged Weapons
  1097 | D:3      | Reached XP level 4. HP: 16/25 MP: 6/6
  1468 | D:3      | Reached skill level 8 in Ranged Weapons
  1513 | D:3      | Found a large runed translucent door.
  1513 | D:3      | Found a large runed translucent door.
  1520 | D:3      | Noticed qw's ghost (amateur SpHu)
  1643 | D:3      | 1643 ||| UPGRADING to scarf of resistance.
  1707 | D:4      | HP: 5/25 [burnt (3)]
  1708 | D:4      | 1708 ||| READING 2 scrolls of teleportation.
  1709 | D:4      | HP: 2/25 [burnt (2)]
  1710 | D:4      | Slain by a bombardier beetle

Levels and vault maps discovered:
D:1:      sevenhm_arrival_forest_fort_small_5, layout_basic,
          dreamdust_ecumenical_altar_angels_and_demons, dk_noncrumbling_3
D:2:      layout_loops_ring
D:3:      layout_rooms, ebering_ghost_disaster_area,
          nicolae_figureground_sparkle, uniq_terence
D:4:      layout_loops_ring, zin_purify, minmay_temple_entry_enclosed_plants,
          minmay_misc_feat_enclosed, chequers_serial_rivers_room_a,
          chequers_serial_rivers_room_a, uniq_grinder

Skill      XL: |  1  2  3  4 |
---------------+-------------+-----
Ranged Weapons | 6 7 8 |  8.2
Fighting       | |  1.5
Dodging        | |  2.4
Stealth        | |  1.2

Action                     |  1- 3 |  4- 6 || total
---------------------------+-------+-------++-------
   Fire: Shortbow          |    62 |    47 ||   109
    Use: Scroll            |     7 |     1 ||     8
 Armour: Leather armour    |    20 |       ||    20
         Ring mail         |    19 |    13 ||    32
  Dodge: Dodged            |    39 |     6 ||    45

Table legend:
 A = Non-vault XP
 B = Vault XP
 C = Vault XP percentage of total XP
 D = Non-vault monster count
 E = Vault monster count
 F = Vault count percentage of total count
                 A         B        C        D         E       F
            +---------+---------+-------+---------+---------+-------
      Total |     137 |      36 |  20.8 |      36 |       1 |   2.7
            +---------+---------+-------+---------+---------+-------
        D:1 |      24 |       0 |   0.0 |      15 |       0 |   0.0
        D:2 |      17 |       0 |   0.0 |       4 |       0 |   0.0
        D:3 |      96 |      36 |  27.3 |      17 |       1 |   5.6
            +---------+---------+-------+---------+---------+-------
